 Dungeon Crawl Stone Soup version 0.12.2-10-g0fb3e6e (webtiles) character file.

294 Mnes the Slasher (level 4, 0/36 HPs)
             Began as a Demonspawn Fighter on July 7, 2013.
             Was an Initiate of Okawaru.
             Slain by an ogre
             ... wielding a +0,+0 giant club
              (21 damage)
             ... on Level 4 of the Dungeon.
             The game lasted 00:08:45 (3097 turns).

Mnes the Slasher (Demonspawn Fighter)               Turns: 3097, Time: 00:08:45

HP   0/36        AC  8     Str 18      XL: 4   Next: 89%
MP   2/2         EV  5     Int  9      God: Okawaru [......]
Gold 164         SH 18     Dex 13      Spells:  0 memorised,  3 levels left

Res.Fire  : + . .   See Invis. : .   a - +0 falchion
Res.Cold  : . . .   Warding    : .   b - +0 scale mail
Life Prot.: . . .   Conserve   : .   c - +0 shield
Res.Poison: .       Res.Corr.  : .   (no helmet)
Res.Elec. : .       Clarity    : .   (no cloak)
Sust.Abil.: . .     Spirit.Shd : .   (no gloves)
Res.Mut.  : .       Rnd.Telep. : +   (no boots)
Res.Rott. : .       Ctrl.Telep.: .   (no amulet)
Saprovore : . . .   Flight     : .   p - ring of protection from fire {unknown}
                                     m - cursed ring of teleportation

@: slightly resistant to hostile enchantments, extremely unstealthy
A: carnivore 1, -10% mp, AC +2, Dex +1
a: Renounce Religion, Evoke Teleportation


You were on level 4 of the Dungeon.
You worshipped Okawaru.
Okawaru was noncommittal.
You were very hungry.

You visited 1 branch of the dungeon, and saw 4 of its levels.

You collected 144 gold pieces.

Inventory:

Hand weapons
 a - a +0,+0 falchion (weapon)
Armour
 b - a +0 scale mail (worn)
 c - a +0 shield (worn)
Comestibles
 d - 3 bread rations
 g - a meat ration
Scrolls
 e - 5 scrolls of remove curse {unknown}
 f - 3 scrolls of enchant weapon I {unknown}
 h - 2 scrolls of enchant armour {unknown}
 j - a scroll of curse weapon {unknown}
 n - a scroll of identify {unknown}
 w - a scroll of recharging {unknown}
Jewellery
 m - a cursed ring of teleportation (left hand)
 p - a ring of protection from fire (right hand) {unknown}
 s - an uncursed ring of life protection {unknown}
Potions
 i - 3 potions of curing
 l - a potion of heal wounds {unknown}
 o - a potion of brilliance {unknown}
 u - a potion of magic {unknown}
 v - a potion of flight {unknown}


   Skills:
 - Level 3.0 Fighting
 * Level 4.6 Long Blades
 - Level 2.6 Armour
 + Level 0.4 Stealth
 - Level 2.6 Shields


You had 3 spell levels left.
You didn't know any spells.

Dungeon Overview and Level Annotations

Branches:
Dungeon (4/27)             Temple (0/1) D:4

Altars:
Elyvilon
Makhleb
Okawaru
Zin
the Shining One


Innate Abilities, Weirdness & Mutations

You are partially covered in yellow scales (AC +2).
You are agile (Dex +1).
Your digestive system is specialised to digest meat.
Your magical capacity is low (-10% MP).


Message History

You hit the ogre.
The ogre is heavily wounded.
Your surroundings suddenly seem different.
A giant gecko and an ogre come into view.
A hobgoblin comes into view.
The hobgoblin shouts!
Found a scroll labeled GUDAYNK OQURGH.
You hit the ogre but do no damage. The ogre barely misses you.
You block the hobgoblin's attack.
The giant gecko hisses menacingly.
Found a staircase to the Ecumenical Temple.
You closely miss the ogre. The ogre closely misses you.
You hit the ogre.
The ogre is lightly wounded.
The ogre barely misses you.
You closely miss the ogre.
The ogre is lightly wounded.
The ogre hits you with a giant club!
Ouch! That really hurt!
You die...

#....(..# ≈≈≈ # #)###.###
≈≈#####≈≈ #.
###O###...#≈≈≈#...#≈≈≈ ##.
...l......#≈≈≈#.>.#≈≈≈# #..
<..)..[...#≈≈≈#...#≈≈≈# #..
..........#≈≈≈##.##≈≈≈# #..
###.###...#≈≈≈≈#.#≈≈≈≈# ... #..
..........#≈≈≈≈#.#≈≈≈≈# ...# #..
#.........#≈≈≈≈#@#≈≈≈≈##...## #..
#.........######O######..........
...........#....gl.......... ##..
#..........#........##....# ##.
....................##....#
#..........#........##....#
..............##....##....#
............?.............#
###.#.#.# ############....#


You could see an ogre, a giant gecko and a hobgoblin.

Vanquished Creatures
  A crimson imp (D:3)
  3 adders
  A gnoll (D:3)
  3 giant geckos
  An orc (D:4)
  4 goblins
  8 hobgoblins
  4 jackals (D:2)
  A quokka (D:3)
  7 bats
  6 giant cockroaches
  6 giant newts
  4 kobolds
  10 rats
59 creatures vanquished.

Notes
Turn   | Place    | Note
--------------------------------------------------------------
     0 | D:1      | Mnes, the Demonspawn Fighter, began the quest for the Orb.
     0 | D:1      | Reached XP level 1. HP: 18/18 MP: 0/0
   227 | D:1      | Gained mutation: You are partially covered in yellow scales (AC +2). [demonic ancestry]
   227 | D:1      | Reached XP level 2. HP: 24/24 MP: 1/1
   912 | D:2      | Found an iron altar of Okawaru.
   954 | D:2      | Became a worshipper of Warmaster Okawaru
  1126 | D:2      | Reached XP level 3. HP: 30/30 MP: 2/2
  1952 | D:3      | Found a glowing golden altar of the Shining One.
  2028 | D:3      | Found a white marble altar of Elyvilon.
  2028 | D:3      | Found a glowing silver altar of Zin.
  2225 | D:3      | Reached XP level 4. HP: 36/36 MP: 3/3
  2715 | D:3      | Found a burning altar of Makhleb.
  2741 | D:3      | Reached skill level 4 in Long Blades
  3068 | D:4      | Noticed an ogre
  3079 | D:4      | Gained mutation: Your digestive system is specialised to digest meat. [potion of mutation]
  3079 | D:4      | Gained mutation: You are agile (Dex +1). [potion of mutation]
  3079 | D:4      | Gained mutation: Your magical capacity is low (-10% MP). [potion of mutation]
  3084 | D:4      | Noticed an ogre
  3091 | D:4      | Found a staircase to the Ecumenical Temple.
  3097 | D:4      | Slain by an ogre

Action                   |  1- 3 |  4- 6 || total
-------------------------+-------+-------++-------
Melee: Falchion          |   169 |    95 ||   264
  Use: Potion            |       |     2 ||     2
